woodfighter, chaotic female orcish Cavewoman ---------- --------------- ------------- |........| ####..............| #-%DDDDDDDDDD. |........| # |.............| #|DDDDDDDDDDD| |........| `## |..............########## (DDDDDDDDD/| |.^......| # #......>.......| # 3DDDDDDDDDD| -|----.--- # #--------.------ # 3D[DDDD[---- # # #### ########## # -------- ### # # # ## # # # ### # ########################### # # # --------------# ### # -------- ##..............# # # |......| # |............|############### ## # |.......## # ||...........| ----|-----.--# |.....^| |............| |............# |..<....##### ------ #............| -------- #########################------------- woodfighter the Cave Woman Experience level: 11 Strength: 25 Dexterity: 16 Constitution: 18 Intelligence: 13 Wisdom: 16 Charisma: 6 Health: 0(93) Energy: 43(43) Def: 23 Gold: 0 Moves: 17970 Dungeon seed: FV_pB2pLr9pXWIvH Game ID: woodfighter_1499679489 Your Inventory: Amulets k - an uncursed amulet of reflection (being worn) Weapons a - a burnt +1 club (weapon in hand) b - a +2 sling (alternate weapon; not wielded) Q - a +0 elven spear Armor m - an uncursed very burnt +3 cloak of displacement (being worn) n - an uncursed rusty +0 pair of gauntlets of power (being worn) p - a blessed +6 helm of brilliance (being worn) r - an uncursed +0 T-shirt (being worn) G - an uncursed +0 elven shield (being worn) K - an uncursed +0 pair of leather gloves M - a blessed +0 dwarvish mithril-coat (being worn) T - an uncursed thoroughly rusty +0 pair of kicking boots (being worn) Comestibles f - 5 uncursed food rations S - an uncursed lembas wafer V - an uncursed cram ration Z - an uncursed lizard corpse Rings v - an uncursed ring of warning (on right hand) J - an uncursed ring of free action (on left hand) Wands A - a wand of digging (0:7) L - a wand of fire (0:3) Tools q - a +0 unicorn horn s - an uncursed bag of holding y - an uncursed skeleton key P - an uncursed blindfold Gems e - 7 uncursed flints (in quiver) z - an uncursed luckstone Contents of the bag of holding: an uncursed +0 mummy wrapping an uncursed lizard corpse an uncursed sprig of wolfsbane an uncursed [+0] pick-axe an uncursed [+0] unicorn horn Spells and supernatural/magical abilities: Name Level Category Fail Memory W - pray for help -- divine ? -- Your skills at the end: Miscellaneous Skills bare handed combat [Basic] shield [Skilled] Weapon Skills scimitar [Basic] club [Skilled] sling [Basic] Spellcasting Skills Final Attributes: You were piously aligned. You were fire resistant. You were poison resistant. Your writing hand was ok. You were telepathic. You were warned. You had infravision. You were invisible. You were displaced. You were somewhat stealthy. You were protected. You were fast. You had reflection. You had free action. You were very lucky. You had extra luck. Bad luck did not time out for you. Good luck did not time out for you. You are dead. Vanquished creatures: 2 baby blue dragons a vampire lord a vampire 2 ghosts an ettin 2 giant mimics an umber hulk a flesh golem a hezrou a large mimic a giant mummy a xorn a quantum mechanic 3 warhorses an ettin mummy a sasquatch 3 pyrolisks a flaming sphere a shocking sphere a large cat a tiger a gargoyle 2 tengu an ochre jelly a crocodile 3 Grey-elves 3 wraiths a leather golem a soldier 4 giant beetles a cockatrice 3 wolves a winter wolf cub a black light 3 lynxes a panther 11 leprechauns 3 lizards an orc-captain a mumak 5 giant spiders a scorpion an iron piercer 2 ice vortices a vampire bat a gnome king 2 orc mummies a dwarf mummy 3 brown puddings 2 Green-elves a rust monster 2 owlbears 2 yetis a werewolf 5 piranhas 2 dogs 3 dingos 5 jaguars 2 dwarf lords 2 blue jellies 2 water nymphs 3 white unicorns 4 gray unicorns a raven 2 plains centaurs 3 Woodland-elves 2 snakes an ape 5 human zombies a rope golem a soldier ant a fire ant a yellow light a quasit 2 wood nymphs 2 Mordor orcs 4 Uruk-hai 3 rock moles 3 rock piercers 4 ponies 4 fog clouds 4 shriekers a violet fungus 21 gnome lords 3 gnomish wizards 3 kobold mummies a black naga hatchling a golden naga hatchling 2 guardian naga hatchlings 4 gray oozes a barrow wight 5 elf zombies 2 ghouls a straw golem a paper golem 6 giant ants 2 puppies 11 floating eyes a kitten 18 dwarves a homunculus 3 kobold lords 2 kobold shamans 5 iguanas 7 rothes 2 rabid rats 3 centipedes 4 jitterbugs 4 giant bats 2 monkeys 5 orc zombies 4 dwarf zombies 2 wererats a werejackal 19 killer bees 2 coyotes 2 gas spores 3 hobbits 3 acid blobs 3 large kobolds 9 geckos 9 giant rats 7 cave spiders 4 brown molds 4 yellow molds 4 green molds a red mold 51 gnomes 8 garter snakes 2 manes 4 gnome zombies 13 jackals 2 foxes 2 kobolds 8 newts 3 goblins 3 sewer rats 15 grid bugs a bat 6 lichens a kobold zombie 487 creatures vanquished. Voluntary challenges: You did not cause conflict. You used a wielded weapon 952 times, starting on turn 3. You did not use plumbed fixtures. You did not drink any magical draughts. You read items or engraved 2 times, starting on turn 4786. You never genocided any monsters. You never polymorphed an object. You never changed form. You completed Sokoban on turn 6673, according to the rules. You used no wishes. You never split a pudding. You never wrote Elbereth's name. You never violated your personal moral code. Dungeon overview: The Dungeons of Doom: levels 1 to 19 Level 1 an altar to Ishtar a long staircase Level 2 (closed shop) a weapon shop stairs to The Gnomish Mines Level 3 an armor shop Level 4 (locked box) Level 5 some sinks Level 6 Level 7 Level 8 (invisible leprechaun) a fountain Level 9 (invisible leprechaun) many fountains Level 10 a fountain stairs to Sokoban Level 11 some fountains Level 12 portal to Fort Ludios Level 13 (big room) Level 14 an altar to Anshar Level 15 (quest) a temple to Ishtar Level 16 Level 17 (rogue) Level 18 (blue dragon hall) <- You were here Level 19 The Gnomish Mines: levels 3 to 10 Level 3 stairs to The Dungeons of Doom Level 4 Level 5 many shops, a temple to Anu, a magic chest, some fountains, some trees Level 6 Level 7 Level 8 Level 9 Level 10 a magic chest, some fountains Sokoban: levels 6 to 9 Level 6 a magic chest Level 7 Level 8 Level 9 an altar to Ishtar, a magic chest stairs to The Dungeons of Doom Fort Ludios: Level 1 portal to The Dungeons of Doom History has recorded: On T:1 you entered the Dungeons of Doom to retrieve the Amulet of Yendor! On T:29 you reached level 2 of The Dungeons of Doom. On T:324 you reached level 3 of The Dungeons of Doom. On T:375 you reached level 1 of The Gnomish Mines. On T:482 you advanced to experience level 2. On T:844 you reached level 4 of The Dungeons of Doom. On T:962 you advanced to experience level 3. On T:1511 you advanced to experience level 4. On T:1723 you reached level 5 of The Dungeons of Doom. On T:2192 you advanced to experience level 5. On T:2348 you reached level 6 of The Dungeons of Doom. On T:2450 you reached level 7 of The Dungeons of Doom. On T:3297 you advanced to experience level 6. On T:3526 you advanced to experience level 7. On T:3571 you reached level 8 of The Dungeons of Doom. On T:4089 you reached level 9 of The Dungeons of Doom. On T:4240 you prayed to Anshar. On T:4299 you reached level 10 of The Dungeons of Doom. On T:4406 you advanced to experience level 8. On T:4678 you reached level 4 of Sokoban. On T:4778 you opened a magic chest. On T:5012 you reached level 3 of Sokoban. On T:5442 you reached level 2 of Sokoban. On T:5989 you reached level 1 of Sokoban. On T:6673 you advanced to experience level 9. On T:6673 you entered the Sokoban zoo. On T:7473 you reached level 2 of The Gnomish Mines. On T:8263 you reached level 3 of The Gnomish Mines. On T:8303 you entered the Minetown temple On T:9021 you reached level 4 of The Gnomish Mines. On T:9283 you reached level 5 of The Gnomish Mines. On T:9558 you reached level 6 of The Gnomish Mines. On T:9633 you reached level 7 of The Gnomish Mines. On T:10678 you reached level 8 of The Gnomish Mines. On T:10678 you reached the bottom of the Mines. On T:12847 you reached level 11 of The Dungeons of Doom. On T:13056 you reached level 12 of The Dungeons of Doom. On T:13417 you reached level 13 of The Dungeons of Doom. On T:13558 you reached Fort Ludios. On T:14676 you advanced to experience level 10. On T:14916 you reached level 14 of The Dungeons of Doom. On T:15035 you reached level 15 of The Dungeons of Doom. On T:15453 you advanced to experience level 11. On T:15459 you reached level 16 of The Dungeons of Doom. On T:15734 you reached level 17 of The Dungeons of Doom. On T:15734 you entered the Rogue tribute level. On T:16213 you reached level 18 of The Dungeons of Doom. On T:16787 you reached level 19 of The Dungeons of Doom. On T:17964 you prayed to Anshar. Score breakdown: Gold: 0 ( 0 points) Experience: 11 levels ( 1000 points) Exploration: 21 levels ( 600 points) Discoveries: 34 items ( 1700 points) Variety of kills: 141 monsters ( 2000 points) Major goal: Sokoban/Mines ( 1500 points) Survival: died (score multiplied by 3) Total score: 20400 Latest messages: The elder blue dragon misses. The elder blue dragon claws you! You hit the elder blue dragon! (2x) The elder blue dragon bites! The elder blue dragon claws you! (2x) You begin praying to Anshar. You are surrounded by a shimmering light. The elder blue dragon starts to attack you, but pulls back. (3x) You feel that Anshar is well-pleased. You feel much better. You hit the elder blue dragon! The elder blue dragon bites! The elder blue dragon claws you! (2x) You hit the elder blue dragon! The elder blue dragon bites! The elder blue dragon claws you! (2x) You hit the elder blue dragon! The elder blue dragon bites! You get zapped! The elder blue dragon claws you! (2x) You hit the elder blue dragon! The elder blue dragon bites! You get zapped! Your wand called sleep or death breaks apart and explodes! The elder blue dragon claws you! You die... Final status: Goodbye woodfighter the Cavewoman, killed by an elder blue dragon... You died in The Dungeons of Doom on dungeon level 18 with 20400 points, and 0 pieces of gold, after 17970 moves. You were level 11 with a maximum of 93 hit points when you died.